 Dungeon Crawl Stone Soup version 0.28-a0-1504-g839a4452db (webtiles) character file.

Game seed: 12027956387226930032

44 Cheeritup the Skirmisher (level 3, -3/32 HPs)
             Began as a Palentonga Monk on Jan 13, 2022.
             Slain by an orc (7 damage)
             ... on level 2 of the Dungeon.
             The game lasted 00:03:28 (1028 turns).

Cheeritup the Skirmisher (Palentonga Monk)          Turns: 1028, Time: 00:03:29

Health: -3/32      AC:  4    Str: 16    XL:     3   Next: 41%
Magic:  3/3        EV: 10    Int: 10    God:
Gold:   36         SH:  0    Dex: 12    Spells: 2/2 levels left

rFire   . . .      SeeInvis +   a - +0 hand axe
rCold   . . .      Faith    .   (no shield)
rNeg    . . .      Spirit   .   b - +0 robe
rPois   .          Reflect  .   (no helmet)
rElec   .          Harm     .   i - scarf {repulsion}
rCorr   .          Rampage  .   (no gloves)
Will    .....                   (no barding)
Stlth   ++........              (no amulet)
HPRegen 0.10/turn               (no ring)
MPRegen 0.08/turn               (no ring)

@: repel missiles
A: large, rugged brown scales 3, see invisible, deformed body, roll 1, armoured
tail
a: Rolling Charge


You were on level 2 of the Dungeon.
You visited 1 branch of the dungeon, and saw 2 of its levels.

You collected 36 gold pieces.

Inventory:

Hand Weapons
 a - a +0 hand axe (weapon)
Armour
 b - a +0 robe (worn)
 i - a scarf of repulsion (worn)
Scrolls
 d - 2 scrolls of identify {unknown}
 e - a scroll of magic mapping {unknown}
 g - a scroll of enchant armour {unknown}
Potions
 c - a potion of cancellation {unknown}
 f - a potion of curing {unknown}
 h - a potion of degeneration {unknown}


   Skills:
 + Level 3.8 Fighting
 + Level 3.8 Axes
 - Level 2.4 Dodging
 - Level 1.2 Stealth


You had 2 spell levels left.
You didn't know any spells.
Your spell library was empty.

Dungeon Overview and Level Annotations

Branches:
Dungeon (2/15)

Altars:

Shops:
D:1 (![*[


Innate Abilities, Weirdness & Mutations

You are completely covered in rugged brown scales. (AC +3, +7% HP)
You have supernaturally acute eyesight. (SInv)
Armour fits poorly on your strangely shaped body.
You can roll at nearby foes to attack.
You have a long armoured tail.


Message History

You hit the orc but do no damage. The orc hits you but does no damage.
The orc hits you with a +0 trident!
You are too injured to fight recklessly!
You are too injured to fight recklessly!
You are too injured to fight recklessly!
The orc barely misses you.
You closely miss the orc. The orc barely misses you.
The orc closely misses you.
You slash the hobgoblin!
You kill the hobgoblin!
You barely miss the orc. The orc misses you.
The orc hits you but does no damage.
You hit the orc.
The orc is severely wounded.
You hit the orc but do no damage. The orc closely misses you.
The orc barely misses you. x2
You hit the orc.
You kill the orc!
You hit the orc but do no damage. The orc barely misses you.
The orc hits you with a +0 mace.
You hit the orc but do no damage.
The orc hits you from afar with a +0 trident.
* * * LOW HITPOINT WARNING * * *
The orc hits you with a +0 mace.
* * * LOW HITPOINT WARNING * * *
The orc barely misses you. The orc hits you with a +0 mace.
* * * LOW HITPOINT WARNING * * *
You hit the orc but do no damage. You tail-slap the orc.
You kill the orc!
You barely miss the orc. You tail-slap the orc.
The orc is moderately wounded.
The orc barely misses you.
You closely miss the orc.
The orc is moderately wounded.
The orc closely misses you.
You barely miss the orc.
The orc is moderately wounded.
The orc hits you with a +0 mace!
You die...

#########
###########.......#
###.#.#.#.#.#.#.#.#.#
...................#
#.#.#.#.#.#.#.#.#.#.#
#....†.....).....)..#
#.#.#.#.#.#.#.#.#.#.#
#......<.....@o...).#
#.#.#.#.#.#.#.#.#.#.#
#############...#...
#...##### #.....
#...##. #...# . #...#


You could see an orc.

Vanquished Creatures
  A dart slug (D:1)
  3 orcs (D:2)
  3 ball pythons (D:1)
  5 endoplasms
  A giant cockroach (D:1)
  4 goblins (D:1)
  2 hobgoblins
  3 quokkas (D:1)
  4 bats (D:1)
  2 frilled lizards
  4 kobolds
  4 rats (D:1)
36 creatures vanquished.

Notes
Turn   | Place    | Note
-------+----------+-------------------------------------------
     0 | D:1      | Cheeritup the Palentonga Monk began the quest for the Orb.
     0 | D:1      | Reached XP level 1. HP: 19/19 MP: 1/1
    26 | D:1      | Reached XP level 2. HP: 10/25 MP: 2/2
   343 | D:1      | Found Naim's Antique Weapon Shop.
   352 | D:1      | Found Onuuf's Distillery.
   380 | D:1      | Found Lynnupt's Armour Shop.
   557 | D:1      | Found Diutes's General Store.
   579 | D:1      | Found Latyceaf's Armour Shop.
   745 | D:1      | Reached XP level 3. HP: 31/31 MP: 3/3
  1028 | D:2      | Slain by an orc

Illustrated notes

Levels and vault maps discovered:
D:1:      beargit_arrival_greenhouse, layout_basic, serial_shops,
          nicolae_shop_behind_doors, shop, shop, shop, shop,
          hangedman_decor_points, minmay_3d_cube
D:2:      layout_rooms, shapermc_ecumenical_altar_gd,
          corexii_item_surrounded_by_moat, st_stairs_12, minmay_mini_jars

Action                   || total
-------------------------++-------
Melee: Hand axe          ||    92
       Tailslap          ||    11
 Abil: Rolling Charge    ||    28
Armor: Robe              ||    40
Dodge: Dodged            ||    60

Table legend: (Time is in decaauts)
 A = Elapsed time spent in this place.
 B = Non-inter-level travel time spent in this place.
 C = Inter-level travel time spent in this place.
 D = Time resting spent in this place.
 E = Time spent auto-exploring this place.
 F = Levels seen in this place.
 G = Mean time per level.
                   A        B        C        D        E       F      G
               +--------+--------+--------+--------+--------+-----+--------+
         Total |   1040 |   1021 |     19 |    203 |    635 |   2 |  520.0 |
       Dungeon |   1040 |   1021 |     19 |    203 |    635 |   2 |  520.0 |
               +--------+--------+--------+--------+--------+-----+--------+

Top non-repeatable levels by time:
     D:1: 1005 daAuts
     D:2: 34 daAuts
